 Dungeon Crawl Stone Soup version 0.29.1-12-g30fa7ad0bf (webtiles) character file.

Game seed: 2381304268038382662

442698 xzight the Peltast (level 23, -8/188 HPs)
             Began as a Gnoll Fighter on Dec 29, 2022.
             Was the Champion of Cheibriados.
             Mangled by a stone giant (27 damage)
             ... on level 3 of the Depths.
             The game lasted 04:13:58 (73146 turns).

xzight the Peltast (Gnoll Fighter)                 Turns: 73146, Time: 04:13:59

Health: -8/188     AC: 41    Str: 31    XL:     23   Next: 80%
Magic:  23/39      EV: 16    Int: 35    God:    Cheibriados [******]
Gold:   389        SH: 33    Dex: 23    Spells: 3/54 levels left

rFire   + . .      SeeInvis +   a - +9 demon whip (vorpal)
rCold   + + +      Faith    .   c - +10 tower shield of Ignorance {rN+ Int-4}
rNeg    + + +      Spirit   .   x - +10 crystal plate armour
rPois   .          Reflect  .   n - +0 mask of the Dragon {Will+ Slay+3 SInv}
rElec   +          Harm     .   y - scarf {rC+ rF+}
rCorr   +          Rampage  .   C - +2 pair of gloves {hurl}
Will    +++..      Rage     3%  i - +1 pair of boots
Stlth   ..........              m - amulet "Wouvadwi" {Acrobat rC+ rN+ Will+ Dex-4}
HPRegen 0.00/turn               o - ring "Etiaphu" {rElec rN+ SInv}
MPRegen 0.26/turn               I - ring of Conversion {rC+ rCorr Int+6}

@: about to teleport, on berserk cooldown, sick, slowed, studying 3 skills, very
slow
A: fangs 1, strong nose, distributed training, berserk 1, low MP 1
}: 3/15 runes: decaying, serpentine, abyssal
a: Renounce Religion, Bend Time, Temporal Distortion, Slouch, Step From Time


You were on level 3 of the Depths.
You worshipped Cheibriados.
Cheibriados was exalted by your worship.
You visited 9 branches of the dungeon, and saw 41 of its levels.
You visited the Abyss 1 time.
You visited 1 bazaar.
You also visited: Sewer.

You collected 6785 gold pieces.
You spent 6396 gold pieces at shops.


Innate Abilities, Weirdness & Mutations

You have very sharp teeth.
Your uncanny sense of smell can sniff out nearby items.
Your experience applies equally to all skills.
You sometimes lose your temper in combat.
Your magical capacity is low. (-10% MP)


   Skills:
 + Level 17.5 Fighting
 + Level 16.4 Short Blades
 + Level 16.4 Long Blades
 + Level 16.4 Axes
 + Level 16.4 Maces & Flails
 + Level 17.0 Polearms
 + Level 17.1 Staves
 + Level 16.8 Ranged Weapons
 + Level 16.4 Throwing
 + Level 17.5 Armour
 + Level 16.4 Dodging
 + Level 16.4 Stealth
 + Level 18.1 Shields
 + Level 16.4 Unarmed Combat
 + Level 16.4 Spellcasting
 + Level 14.0 Conjurations
 + Level 14.0 Hexes
 + Level 14.0 Summonings
 + Level 14.0 Necromancy
 + Level 14.0 Translocations
 + Level 14.0 Transmutations
 + Level 14.0 Fire Magic
 + Level 14.0 Ice Magic
 + Level 14.0 Air Magic
 + Level 14.0 Earth Magic
 + Level 14.0 Poison Magic
 + Level 17.8 Invocations
 + Level 16.4 Evocations


You had 3 spell levels left.
You knew the following spells:

 Your Spells              Type           Power      Damage    Failure   Level
a - Wereblood             Tmut           91%        N/A       1%          2
b - Stone Arrow           Conj/Erth      100%       3d13      1%          3
c - Frozen Ramparts       Ice            100%       1d16      1%          3
d - Hailstorm             Conj/Ice       91%        3d18      1%          4
e - Borgnjor's Vile Clut  Necr/Erth      45%        N/A       3%          5
f - Freezing Cloud        Conj/Ice/Air   45%        6-21      3%          5
g - Lee's Rapid Deconstr  Erth           45%        3d23*     3%          5
h - Iskenderun's Mystic   Conj/Tloc      91%        2d18      1%          4
i - Starburst             Conj/Fire      45%        6d13      19%         6
j - Statue Form           Tmut/Erth      60%        N/A       19%         6
k - Iron Shot             Conj/Erth      45%        9d9       19%         6
l - Blink                 Tloc           100%       N/A       1%          2

Your spell library contained the following spells:

 Spells                   Type           Power      Damage    Failure   Level
 Apportation              Tloc           100%       N/A       1%          1
 Beastly Appendage        Tmut           100%       N/A       1%          1
 Freeze                   Ice            100%       1d11      1%          1
 Magic Dart               Conj           100%       1d8       1%          1
 Necrotise                Necr           100%       1d9       1%          1
 Sandblast                Erth           100%       2d20      1%          1
 Sting                    Tmut/Pois      100%       1d8       1%          1
 Summon Small Mammal      Summ           100%       N/A       1%          1
 Passwall                 Tmut/Erth      75%        N/A       1%          2
 Poisonous Vapours        Pois/Air       100%       N/A       1%          2
 Searing Ray              Conj           100%       2d8       1%          2
 Static Discharge         Conj/Air       91%        3-15/arc  1%          2
 Sublimation of Blood     Necr           91%        N/A       1%          2
 Call Canine Familiar     Summ           91%        N/A       1%          3
 Confusing Touch          Hex            91%        N/A       1%          3
 Conjure Flame            Conj/Fire      91%        6-21      1%          3
 Dazzling Flash           Conj/Hex       100%       N/A       1%          3
 Gell's Gravitas          Tloc           91%        N/A       1%          3
 Ignite Poison            Fire/Tmut/Pois 91%        N/A       1%          3
 Lesser Beckoning         Tloc           91%        N/A       1%          3
 Mephitic Cloud           Conj/Pois/Air  91%        N/A       1%          3
 Ozocubu's Armour         Ice            91%        N/A       1%          3
 Portal Projectile        Hex/Tloc       100%       N/A       1%          3
 Spider Form              Tmut/Pois      91%        N/A       1%          3
 Summon Guardian Golem    Hex/Summ       91%        N/A       1%          3
 Teleport Other           Tloc           91%        N/A       1%          3
 Animate Armour           Summ/Erth      100%       N/A       1%          4
 Animate Dead             Necr           91%        N/A       1%          4
 Corpse Rot               Necr/Pois/Air  91%        N/A       1%          4
 Dispel Undead            Necr           91%        3d29      1%          4
 Fulminant Prism          Conj/Hex       45%        3d21      1%          4
 Leda's Liquefaction      Hex/Erth       45%        N/A       1%          4
 Petrify                  Tmut/Erth      91%        N/A       1%          4
 Sticky Flame             Conj/Fire      91%        2d10      1%          4
 Agony                    Necr           91%        N/A       3%          5
 Alistair's Intoxication  Tmut/Pois      60%        N/A       3%          5
 Irradiate                Conj/Tmut      45%        3d26      3%          5
 Iskenderun's Battlesphe  Conj           91%        2d14      3%          5
 Manifold Assault         Tloc           91%        N/A       3%          5
 Silence                  Hex/Air        45%        N/A       3%          5
 Summon Forest            Summ/Tloc      45%        N/A       3%          5
 Yara's Violent Unravell  Hex/Tmut       45%        3d18      3%          5
 Conjure Ball Lightning   Conj/Air       45%        3x3d16    19%         6
 Death Channel            Necr           45%        N/A       19%         6
 Eringya's Noxious Bog    Tmut/Pois      45%        N/A       19%         6
 Simulacrum               Ice/Necr       45%        N/A       19%         6
 Enfeeble                 Hex            45%        N/A       71%         7
 Orb of Destruction       Conj           45%        9d12      71%         7
 Ozocubu's Refrigeration  Ice            45%        4d17      71%         7
 Spellforged Servitor     Conj/Summ      45%        N/A       71%         7
 Summon Hydra             Summ           45%        N/A       71%         7
 Borgnjor's Revivificati  Necr           45%        N/A       100%        8
 Necromutation            Tmut/Necr      45%        N/A       100%        8
 Death's Door             Necr           45%        N/A       100%        9
 Polar Vortex             Ice            45%        N/A       100%        9

Inventory:

Hand Weapons
 a - a +9 vorpal demon whip (weapon)
 b - the +1 trident of Ekont {vorpal, Fly rElec rF++ Stlth+}
   (You bought it in a shop on level 4 of the Vaults)

   It inflicts extra damage upon your enemies.
   rF:        It greatly protects you from fire.
   rElec:     It insulates you from electricity.
   Fly:       It grants you flight.
   Stlth:     It makes you more stealthy.
 U - a +2 vampiric demon trident
Missiles
 r - a throwing net {=f}
 t - 66 poisoned darts
Armour
 c - the +10 tower shield of Ignorance (worn) {rN+ Int-4}
   (You found it on level 3 of the Depths)

   Int:       It affects your intelligence (-4).
   rN:        It protects you from negative energy.
 i - a +1 pair of boots (worn)
 n - the +0 mask of the Dragon (worn) {Will+ Slay+3 SInv}
   (You found it on level 4 of the Snake Pit)

   Slay:      It affects your accuracy & damage with ranged weapons and melee
   (+3).
   SInv:      It lets you see invisible.
   Will:      It increases your willpower.
 u - a +1 kite shield of reflection
 x - a +10 crystal plate armour (worn)
 y - a scarf of resistance (worn)
 C - a +2 pair of gloves of hurling (worn)
 S - a +1 tower shield of protection
Jewellery
 e - a +4 ring of evasion
 m - the amulet "Wouvadwi" (around neck) {Acrobat rC+ rN+ Will+ Dex-4}
   (You found it on level 2 of the Swamp)

   [amulet of the acrobat]

   It increases your evasion while moving and waiting.
   Dex:       It affects your dexterity (-4).
   rC:        It protects you from cold.
   rN:        It protects you from negative energy.
   Will:      It increases your willpower.
 o - the ring "Etiaphu" (left hand) {rElec rN+ SInv}
   (You found it on level 3 of the Swamp)

   [ring of see invisible]

   rElec:     It insulates you from electricity.
   rN:        It protects you from negative energy.
   SInv:      It lets you see invisible.
 E - the amulet "Peohuode" {Acrobat rF+ Str+3}
   (You found it on level 1 of the Depths)

   [amulet of the acrobat]

   It increases your evasion while moving and waiting.
   Str:       It affects your strength (+3).
   rF:        It protects you from fire.
 H - the amulet "Lipt" {RegenMP rN+ Will+}
   (You bought it in a shop on level 1 of the Vaults)

   [amulet of magic regeneration]

   It increases your rate of magic regeneration.
   rN:        It protects you from negative energy.
   Will:      It increases your willpower.
 I - the ring of Conversion (right hand) {rC+ rCorr Int+6}
   (You bought it in a shop on level 4 of the Snake Pit)

   [ring of intelligence]

   Int:       It affects your intelligence (+6).
   rC:        It protects you from cold.
   rCorr:     It protects you from acid and corrosion.
 M - a ring of magical power
 P - a ring of poison resistance
 T - a +4 ring of protection
Wands
 s - a wand of polymorph (26)
 G - a wand of flame (46)
 O - a wand of roots (29)
 Q - a wand of mindburst (28)
 X - a wand of digging (12)
 Y - a wand of charming (24)
Scrolls
 j - 11 scrolls of poison
 k - 6 scrolls of magic mapping
 w - 11 scrolls of teleportation {@r2}
 B - 3 scrolls of silence {!r}
 D - 5 scrolls of blinking
 J - 7 scrolls of fog
 L - 8 scrolls of amnesia
 N - 7 scrolls of fear
 V - a scroll of brand weapon
Potions
 d - 7 potions of might
 h - 5 potions of invisibility
 l - 24 potions of curing {@q1}
 p - 8 potions of mutation
 q - 10 potions of lignification
 z - 4 potions of attraction
 A - 5 potions of magic
 K - 4 potions of brilliance
 W - 2 potions of resistance
 Z - 2 potions of berserk rage {!q}

Dungeon Overview and Level Annotations

Branches:
Dungeon (15/15)            Temple (1/1) D:5            Lair (5/5) D:10
  Swamp (4/4) Lair:3        Snake (4/4) Lair:2        Slime (0/5) Lair:4
    Orc (2/2) D:9             Elf (3/3) Orc:2        Vaults (4/5) D:14
  Crypt (0/3) Vaults:3     Depths (3/4) D:15          Sewer (visited)

Altars:
Ashenzari
Cheibriados
Dithmenos
Elyvilon
Fedhas
Gozag
Hepliaklqana
Kikubaaqudgha
Makhleb
Nemelex Xobeh
Okawaru
Qazlal
Ru
Sif Muna
Trog
Uskayaw
Vehumet
Wu Jian
Xom
Yredelemnul
Zin
The Shining One

Shops:
D:5 :   D:13 *(   Orc:2 [*[?(   Elf:1 !   Elf:2 ?   Snake:4 =:[[[   Vaults:1 [*
Vaults:4 ?[*   Depths:1 ==:   Depths:2 ?   Depths:3 *

Portals:
Hell: Depths:1 Depths:2
Abyss: Depths:2
Pandemonium: Depths:1 Depths:2

Annotations:
D:3 3 runed translucent doors, JanusIIV's ghost, weakling MiFi; Radix's ghost, amateur HuFi; hawla's ghost, amateur MeFE; mikeweasel's ghost, amateur HuMo; wormed's ghost, amateur GnWn
D:7 1 runed translucent door, Crazy Yiuf
D:13 Rupert
D:15 2 transporters, middlethird's ghost, adept OpTm
Elf:1 1 runed translucent door, Ylounn's ghost, adept GrFi
Vaults:2 8 runed translucent doors, Kare Xaoge's ghost, adept DgTm
Depths:1 3 runed translucent doors, Luocamn's ghost, adept TrMo; LustLizard's ghost, adept SpHu; Uriettue's ghost, adept MiBe; ctx's ghost, adept GnFi; rakiston's ghost, adept MiBe
Depths:3 the Enchantress

###.#.. ...... .[..#.. ....E
#[.... i... #..i.i .... .
#.....#... .<. ∆...[C[..#
.... ∆#$i.#.#......~.. ∆
#÷i@Ci#......~.#
#.i..iCi....#......
#.###.#...#.#......
#.....#.....#......
.................... .
.........................
...................##........
........~~......~..##........
.....~~~...~...~~~.#........#


You could see the Enchantress (fast, repels missiles), 3 stone giants, 3
spriggan defenders, a spriggan rider, 2 spriggan berserkers, a water elemental
(wandering) and 2 spriggans.


Message History

You see here a shapeshifter corpse.
You feel a strong urge to attack something.
The raiju barks!
You are no longer berserk.
You are exhausted.
You feel yourself slow down.
A harpy simulacrum comes into view.
The harpy simulacrum moves out of view.
There is a gateway leading out of the Abyss here.
As you read the scroll of teleportation {@r2}, it crumbles to dust.
You feel strangely unstable.
You feel the power of the Abyss delaying your translocation!
Okay, then.
You pass through the gate.
Welcome back to the Depths!
Level annotation: the Enchantress The stone giant throws a large rock.
You block the large rock. You block the Enchantress's attack.
The stone giant hits you but does no damage.
A spriggan berserker comes into view. It is wielding a +0 quarterstaff.
A water elemental comes into view.
The stone giant hits you but does no damage.
You block the spriggan defender's attack.
The spriggan hits you but does no damage.
You block the spriggan berserker's attack.
The stone giant throws a large rock.
The large rock hits you!!
* * * LOW HITPOINT WARNING * * *
The Enchantress casts a spell.
The Enchantress seems to speed up.
The stone giant hits you!!
You die...

Skill      XL: |  1  2  3  4  5  6  7  8  9 10 11 12 13 14 15 16 17 18 19 20 21 22 23 |
---------------+----------------------------------------------------------------------+-----
Invocations    | 1 2 3 4 5 6 7 8 9 11 12 13 14 15 16 17 | 17.8
Short Blades   | 1 2 3 5 6 7 8 9 10 11 12 13 14 15 16 | 16.4
Long Blades    | 1 2 3 5 6 7 8 9 10 11 12 13 14 15 16 | 16.4
Axes           | 1 2 3 5 6 7 8 9 10 11 12 13 14 15 16 | 16.4
Maces & Flails | 1 2 3 5 6 7 8 9 10 11 12 13 14 15 16 | 16.4
Staves         | 1 2 3 5 6 7 8 9 10 11 12 13 14 15 16 17 | 17.1
Ranged Weapons | 1 2 3 5 6 7 8 9 10 11 12 13 14 15 16 | 16.8
Throwing       | 1 2 3 5 6 7 8 9 10 11 12 13 14 15 16 | 16.4
Dodging        | 1 2 3 5 6 7 8 9 10 11 12 13 14 15 16 | 16.4
Stealth        | 1 2 3 5 6 7 8 9 10 11 12 13 14 15 16 | 16.4
Unarmed Combat | 1 2 3 5 6 7 8 9 10 11 12 13 14 15 16 | 16.4
Spellcasting   | 1 2 3 5 6 7 8 9 10 11 12 13 14 15 16 | 16.4
Evocations     | 1 2 3 5 6 7 8 9 10 11 12 13 14 15 16 | 16.4
Conjurations   | 1 2 3 4 5 6 7 8 9 10 11 12 13 14 | 14.0
Hexes          | 1 2 3 4 5 6 7 8 9 10 11 12 13 14 | 14.0
Summonings     | 1 2 3 4 5 6 7 8 9 10 11 12 13 14 | 14.0
Necromancy     | 1 2 3 4 5 6 7 8 9 10 11 12 13 14 | 14.0
Translocations | 1 2 3 4 5 6 7 8 9 10 11 12 13 14 | 14.0
Transmutations | 1 2 3 4 5 6 7 8 9 10 11 12 13 14 | 14.0
Fire Magic     | 1 2 3 4 5 6 7 8 9 10 11 12 13 14 | 14.0
Ice Magic      | 1 2 3 4 5 6 7 8 9 10 11 12 13 14 | 14.0
Air Magic      | 1 2 3 4 5 6 7 8 9 10 11 12 13 14 | 14.0
Earth Magic    | 1 2 3 4 5 6 7 8 9 10 11 12 13 14 | 14.0
Poison Magic   | 1 2 3 4 5 6 7 8 9 10 11 12 13 14 | 14.0
Polearms       | 5 6 7 8 9 10 11 12 13 14 15 16 17 | 17.0
Fighting       | 7 8 9 10 11 12 13 14 15 16 17 | 17.5
Armour         | 7 8 9 10 11 12 13 14 15 16 17 | 17.5
Shields        | 7 8 9 10 11 12 13 14 15 16 17 18 | 18.1

Action                   |  1- 3 |  4- 6 |  7- 9 | 10-12 | 13-15 | 16-18 | 19-21 | 22-24 || total
-------------------------+-------+-------+-------+-------+-------+-------+-------+-------++-------
Melee: Trident           |    56 |       |       |       |       |       |    28 |    40 ||   124
       Bite              |     2 |    13 |    12 |    65 |   163 |   251 |   214 |   160 ||   880
       War axe           |    22 |   182 |   169 |   500 |   836 |       |       |       ||  1709
       Unarmed           |     4 |       |       |       |       |       |       |       ||     4
       Demon whip        |       |       |       |       |    91 |  1328 |  1087 |   821 ||  3327
Throw: Dart              |     2 |       |       |       |     3 |       |       |       ||     5
       Throwing net      |       |       |       |       |     2 |       |       |       ||     2
       Javelin           |       |       |       |       |       |       |     4 |    10 ||    14
 Cast: Wereblood         |       |       |       |     7 |     8 |     1 |       |       ||    16
       Frozen Ramparts   |       |       |       |    10 |    25 |     2 |       |       ||    37
       Stone Arrow       |       |       |       |     4 |    40 |    36 |    17 |     7 ||   104
       Hailstorm         |       |       |       |       |    26 |    24 |     1 |       ||    51
       Borgnjor's Vile C |       |       |       |       |       |    86 |    88 |    61 ||   235
       Freezing Cloud    |       |       |       |       |       |    44 |    56 |    46 ||   146
       Statue Form       |       |       |       |       |       |       |    14 |       ||    14
       Starburst         |       |       |       |       |       |       |     6 |       ||     6
       Iskenderun's Myst |       |       |       |       |       |       |     3 |     9 ||    12
       Lee's Rapid Decon |       |       |       |       |       |       |    11 |     3 ||    14
       Iron Shot         |       |       |       |       |       |       |       |    16 ||    16
Invok: Slouch            |       |       |       |     1 |       |       |       |       ||     1
       Bend Time         |       |       |       |       |       |     1 |     3 |     2 ||     6
Evoke: Wand              |       |       |     5 |     7 |    24 |     5 |       |     2 ||    43
  Use: Scroll            |       |     2 |       |    20 |    10 |    15 |     4 |    20 ||    71
       Potion            |       |       |       |     1 |     2 |     3 |     3 |    12 ||    21
 Stab: Invisible         |       |       |     2 |     1 |       |       |       |       ||     3
       Sleeping          |       |       |       |       |       |     3 |    14 |     5 ||    22
       Distracted        |       |       |       |       |       |     1 |       |     2 ||     3
Armor: Scale mail        |    27 |       |       |       |       |       |       |       ||    27
       Chain mail        |     4 |   129 |   126 |   320 |   322 |   328 |   202 |    52 ||  1483
       Skin              |     1 |       |       |       |       |       |    71 |       ||    72
       Crystal plate arm |       |       |       |       |       |       |       |   185 ||   185
Dodge: Dodged            |    17 |    60 |    73 |   295 |   458 |   541 |   576 |   264 ||  2284
Block: Buckler           |    12 |    44 |    72 |   134 |       |       |       |       ||   262
       Kite shield       |       |       |       |   130 |   680 |   795 |   723 |   342 ||  2670
       Reflection        |       |       |       |       |       |    55 |    78 |    28 ||   161
       Tower shield      |       |       |       |       |       |       |       |   351 ||   351

Levels and vault maps discovered:
D:1:      sevenhm_arrival_forest_fort_large_2, layout_loops_ring,
          ebering_ecumenical_altar_mist, minmay_misc_feat_x,
          hangedman_decor_growths
D:2:      layout_loops_ring, minmay_nonomino_d4
D:3:      layout_rooms, gammafunk_ghost_cemetery, uniq_ijyb
D:4:      layout_basic
D:5:      layout_cave_pools, mainiacjoe_overflow_six_doors_small,
          lemuel_coloured_pillars_altar, minmay_temple_entry_offerings,
          serial_shops, kennysheep_little_box, gup_sewer_entry_spiral,
          minmay_misc_feat_room, dk_vineyard_2, chequers_jeans
D:6:      layout_basic, kennysheep_generic_room_16
D:7:      layout_loops_ring, uniq_crazy_yiuf_cottage
D:8:      layout_rooms, kennysheep_ying_yang, hangedman_decor_diamond_cutter
D:9:      layout_rooms, kiku_gazebo_pond_becter, minmay_orc_entry_guard_dogs,
          lightli_bailey_entry_fortress
D:10:     layout_loops_ring, grunt_temple_overflow_open,
          nicolae_qazlal_scattered_showers, lair_entry_dummy
D:11:     layout_cave_pools
D:12:     slaughterhouse, layout_basic, cheibrodos_ashenzari_chains,
          uniq_frances
D:13:     layout_cave_pools, serial_shops, shop, shop, uniq_rupert
D:14:     layout_roguey, david_vaults_2, uniq_nessos
D:15:     gammafunk_enter_depths_forms, layout_basic, gammafunk_ghost_mausoleum
Temple:   zaba_magenta_temple
Lair:1:   layout_gridlike
Lair:2:   layout_roguey [special_room_bee], minmay_snake_entry_guardpost_small,
          gammafunk_ghost_grave, serial_bayou_shore_a
Lair:3:   regret_index_tunnel_blossom, layout_chaotic_city,
          minmay_swamp_entry_wisps, uniq_nergalle
Lair:4:   layout_gridlike, nicolae_slime_entry_slimehenge,
          lightli_volcano_entry_magma_tube, st_stairs_3, beast_lair_carwin_6,
          grunt_megastairs_2
Lair:5:   gammafunk_lair_ancient_temple, layout_concentric_octagons,
          worms_lemuel
Swamp:1:  layout_falls_marsh, evilmike_swamp_ruin_house_2
Swamp:2:  layout_basic_swamp, gammafunk_ghost_berserking_beasts,
          hangedman_swamp_ruin_wall
Swamp:3:  layout_basic_swamp, evilmike_swamp_ruin_rubble_2
Swamp:4:  swamp, layout_basic_swamp, infiniplex_staircase_pool_2
Snake:1:  layout_cave_shapes, uniq_aizul
Snake:2:  layout_basic, drop_trap
Snake:3:  layout_cave_pods, st_stairs_12, grunt_megastairs_1
Snake:4:  grunt_snake_rune_spirals, layout_onion_interference, serial_shops,
          shop, nicolae_shop_waterfront, shop, shop, nicolae_shop_waterfront,
          nicolae_snake_dead_anacondas, uniq_vashnia
Orc:1:    layout_caves
Orc:2:    hellmonk_orc_salted, layout_caves, serial_shops, shop, uniq_jorgrun
Elf:1:    minmay_elf_arrival_plus, layout_loops_corners, serial_shops, shop,
          ebering_ghost_xom, uniq_agnes, uniq_louise, uniq_donald
Elf:2:    elven_hall_of_blades_hangedman_original
          [nicolae_blade_entry_sentries_behind_glass], layout_rooms,
          serial_shops, shop, uniq_saint_roka
Elf:3:    minmay_elf_hall, layout_loops_corners, uniq_nikola
Vaults:1: vaults_dpeg_spiral, grunt_vaults_hallway_long, vaults_mumra_chevron,
          dpeg_vaults_monster_box, hangedman_vaults_pinch,
          nicolae_vaults_yaktaur_gun_rack, nicolae_vaults_little_squares_6,
          nicolae_vaults_little_squares_2, layout_vaults_big_room, serial_shops,
          nicolae_shop_temple_entry_statues_fountains, nicolae_shop_crystal
Vaults:2: advil_vaults_ghost_lines, v_misc_3, nicolae_vaults_shelves_hall,
          hangedman_vaults_slice, vaults_room_fours, v_alt_pattern_1,
          nicolae_vaults_windows_and_doors_thing, grunt_vaults_trifunnel,
          nicolae_vaults_gold_heap, grunt_vaults_focal, layout_vaults_maze_bifur
Vaults:3: portal_desolation_entry_ruin, hangedman_vaults_variations,
          minmay_crypt_entry_simple_walls, vaults_room_boxed,
          ontoclasm_vaults_pinch, vaults_mumra_minichess,
          grunt_vaults_hallway_short, ontoclasm_vaults_misaligned,
          hangedman_vaults_cutoff, vaults_dpeg_emergency_exit,
          layout_vaults_quadrants
Vaults:4: hangedman_vaults_hard_town_square, ontoclasm_vaults_spin, v_misc_17,
          vaults_mumra_lcd, hangedman_vaults_slice, vaults_room_pool,
          nicolae_vaults_alarming, nicolae_vaults_shelves_hall,
          nicolae_vaults_ring_of_whatevers, ontoclasm_vaults_bender,
          hangedman_vaults_restitches, v_misc_3,
          nicolae_vaults_mini_display_case, layout_vaults_big_cross,
          serial_shops, bzr_entry_safe
Depths:1: layout_cave_shapes, gammafunk_ghost_cemetery, rand_demon_pan_entry_4,
          mu_enter_wizlab_3, hangedman_tar_grid_catacomb,
          nicolae_vehumet_radiance, minmay_shop_grove
Depths:2: minmay_tri_box, layout_gridville, hellmouth_2,
          chequers_serial_rivers_micro_b, serial_shops, shop, abyss_entry,
          pan_entry, laboratory, infiniplex_staircase_zigzag_5
Depths:3: hangedman_cross_stitches, layout_cave_pools,
          grunt_hell_entry_dis_grunt, abyss_entry, rand_demon_pan_entry_5,
          corexii_corridor_pit, minmay_shop_mass, kennysheep_generic_room_11,
          infiniplex_staircase_pool_lava, serial_bayou_shore_b,
          uniq_enchantress, uniq_mennas

Notes
Turn   | Place    | Note
-------+----------+-------------------------------------------
     0 | D:1      | xzight the Gnoll Fighter began the quest for the Orb.
     0 | D:1      | Reached XP level 1. HP: 23/23 MP: 1/1
   188 | D:1      | Reached XP level 2. HP: 29/29 MP: 2/2
   630 | D:1      | Found a faded altar of an unknown god.
   678 | D:1      | Reached XP level 3. HP: 35/35 MP: 3/3
  1117 | D:2      | Identified the +1 war axe "Zacoiq" {elec, rPois rCorr
                  | Dex-2}
  1384 | D:2      | Reached skill level 1 in Invocations
  1792 | D:3      | Noticed Ijyb
  1838 | D:3      | Killed Ijyb
  1839 | D:3      | Reached skill level 1 in Short Blades
  1839 | D:3      | Reached skill level 1 in Long Blades
  1839 | D:3      | Reached skill level 1 in Axes
  1839 | D:3      | Reached skill level 1 in Maces & Flails
  1839 | D:3      | Reached skill level 1 in Staves
  1839 | D:3      | Reached skill level 1 in Ranged Weapons
  1839 | D:3      | Reached skill level 1 in Throwing
  1839 | D:3      | Reached skill level 1 in Dodging
  1839 | D:3      | Reached skill level 1 in Stealth
  1839 | D:3      | Reached skill level 1 in Unarmed Combat
  1839 | D:3      | Reached skill level 1 in Spellcasting
  1839 | D:3      | Reached skill level 1 in Evocations
  1839 | D:3      | Reached XP level 4. HP: 41/41 MP: 5/5
  2258 | D:3      | Found a runed translucent gate.
  2258 | D:3      | Found a runed translucent gate.
  2260 | D:3      | Found a runed translucent gate.
  2260 | D:3      | Noticed JanusIIV's ghost (weakling MiFi)
  2260 | D:3      | Noticed mikeweasel's ghost (amateur HuMo)
  2261 | D:3      | Noticed Radix's ghost (amateur HuFi)
  2261 | D:3      | Noticed wormed's ghost (amateur GnWn)
  2261 | D:3      | Noticed hawla's ghost (amateur MeFE)
  2303 | D:3      | Reached skill level 1 in Conjurations
  2303 | D:3      | Reached skill level 1 in Hexes
  2303 | D:3      | Reached skill level 1 in Summonings
  2303 | D:3      | Reached skill level 1 in Necromancy
  2303 | D:3      | Reached skill level 1 in Translocations
  2303 | D:3      | Reached skill level 1 in Transmutations
  2303 | D:3      | Reached skill level 1 in Fire Magic
  2303 | D:3      | Reached skill level 1 in Ice Magic
  2303 | D:3      | Reached skill level 1 in Air Magic
  2303 | D:3      | Reached skill level 1 in Earth Magic
  2303 | D:3      | Reached skill level 1 in Poison Magic
  2641 | D:4      | Reached XP level 5. HP: 46/47 MP: 3/7
  3183 | D:5      | Entered Level 5 of the Dungeon
  3187 | D:5      | Found a staircase to the Ecumenical Temple.
  3196 | Temple   | Entered the Ecumenical Temple
  3200 | Temple   | Became a worshipper of Cheibriados the Contemplative
  3329 | D:5      | Identified a scarf of resistance
  3496 | D:5      | Found a glowing drain.
  3500 | Sewer    | Entered a sewer
  3528 | Sewer    | Reached skill level 2 in Invocations
  3655 | Sewer    | Reached XP level 6. HP: 46/53 MP: 4/8
  3732 | Sewer    | Reached skill level 5 in Polearms
  3754 | Sewer    | Reached * piety under Cheibriados
  3832 | Sewer    | Reached skill level 2 in Short Blades
  3832 | Sewer    | Reached skill level 2 in Long Blades
  3832 | Sewer    | Reached skill level 2 in Axes
  3832 | Sewer    | Reached skill level 2 in Maces & Flails
  3832 | Sewer    | Reached skill level 2 in Staves
  3832 | Sewer    | Reached skill level 2 in Ranged Weapons
  3832 | Sewer    | Reached skill level 2 in Throwing
  3832 | Sewer    | Reached skill level 2 in Dodging
  3832 | Sewer    | Reached skill level 2 in Stealth
  3832 | Sewer    | Reached skill level 2 in Unarmed Combat
  3832 | Sewer    | Reached skill level 2 in Spellcasting
  3832 | Sewer    | Reached skill level 2 in Evocations
  4157 | Sewer    | Reached ** piety under Cheibriados
  4495 | D:5      | Found Ydache's Book Boutique.
  4726 | D:5      | Reached skill level 7 in Fighting
  4726 | D:5      | Reached skill level 7 in Armour
  4726 | D:5      | Reached skill level 7 in Shields
  4726 | D:5      | Reached XP level 7. HP: 46/60 MP: 6/10
  4830 | D:5      | Reached skill level 2 in Conjurations
  4830 | D:5      | Reached skill level 2 in Hexes
  4830 | D:5      | Reached skill level 2 in Summonings
  4830 | D:5      | Reached skill level 2 in Necromancy
  4830 | D:5      | Reached skill level 2 in Translocations
  4830 | D:5      | Reached skill level 2 in Transmutations
  4830 | D:5      | Reached skill level 2 in Fire Magic
  4830 | D:5      | Reached skill level 2 in Ice Magic
  4830 | D:5      | Reached skill level 2 in Air Magic
  4830 | D:5      | Reached skill level 2 in Earth Magic
  4830 | D:5      | Reached skill level 2 in Poison Magic
  4932 | D:5      | Found a radiant altar of Vehumet.
  5098 | D:5      | Found a shimmering altar of Xom.
  5383 | D:6      | Noticed a steam dragon
  5391 | D:6      | Killed a steam dragon
  5392 | D:6      | Reached skill level 3 in Invocations
  5496 | D:6      | Reached skill level 3 in Short Blades
  5496 | D:6      | Reached skill level 3 in Long Blades
  5496 | D:6      | Reached skill level 3 in Axes
  5496 | D:6      | Reached skill level 3 in Maces & Flails
  5496 | D:6      | Reached skill level 3 in Staves
  5496 | D:6      | Reached skill level 3 in Ranged Weapons
  5496 | D:6      | Reached skill level 3 in Throwing
  5496 | D:6      | Reached skill level 3 in Dodging
  5496 | D:6      | Reached skill level 3 in Stealth
  5496 | D:6      | Reached skill level 3 in Unarmed Combat
  5496 | D:6      | Reached skill level 3 in Spellcasting
  5496 | D:6      | Reached skill level 3 in Evocations
  5496 | D:6      | Reached XP level 8. HP: 67/67 MP: 9/12
  5506 | D:6      | Reached *** piety under Cheibriados
  6003 | D:6      | Reached skill level 4 in Invocations
  6042 | D:6      | Reached skill level 3 in Conjurations
  6042 | D:6      | Reached skill level 3 in Hexes
  6042 | D:6      | Reached skill level 3 in Summonings
  6042 | D:6      | Reached skill level 3 in Necromancy
  6042 | D:6      | Reached skill level 3 in Translocations
  6042 | D:6      | Reached skill level 3 in Transmutations
  6042 | D:6      | Reached skill level 3 in Fire Magic
  6042 | D:6      | Reached skill level 3 in Ice Magic
  6042 | D:6      | Reached skill level 3 in Air Magic
  6042 | D:6      | Reached skill level 3 in Earth Magic
  6042 | D:6      | Reached skill level 3 in Poison Magic
  6173 | D:6      | Reached skill level 6 in Polearms
  6535 | D:7      | Reached XP level 9. HP: 73/73 MP: 12/14
  6575 | D:7      | Reached skill level 4 in Short Blades
  6575 | D:7      | Reached skill level 4 in Long Blades
  6575 | D:7      | Reached skill level 4 in Axes
  6575 | D:7      | Reached skill level 4 in Maces & Flails
  6575 | D:7      | Reached skill level 4 in Staves
  6575 | D:7      | Reached skill level 4 in Ranged Weapons
  6575 | D:7      | Reached skill level 4 in Throwing
  6575 | D:7      | Reached skill level 4 in Dodging
  6575 | D:7      | Reached skill level 4 in Stealth
  6575 | D:7      | Reached skill level 4 in Unarmed Combat
  6575 | D:7      | Reached skill level 4 in Spellcasting
  6575 | D:7      | Reached skill level 4 in Evocations
  6705 | D:7      | Found a runed translucent door.
  6706 | D:7      | Noticed Crazy Yiuf
  7275 | D:7      | You fall into a shaft and drop 2 floors!
  7388 | D:9      | Reached **** piety under Cheibriados
  7389 | D:9      | Reached skill level 8 in Fighting
  7389 | D:9      | Reached skill level 8 in Armour
  7389 | D:9      | Reached skill level 8 in Shields
  7398 | D:9      | Reached skill level 5 in Invocations
  7814 | D:8      | Noticed a hornet
  7823 | D:8      | Killed a hornet
  7824 | D:8      | Reached skill level 4 in Conjurations
  7824 | D:8      | Reached skill level 4 in Hexes
  7824 | D:8      | Reached skill level 4 in Summonings
  7824 | D:8      | Reached skill level 4 in Necromancy
  7824 | D:8      | Reached skill level 4 in Translocations
  7824 | D:8      | Reached skill level 4 in Transmutations
  7824 | D:8      | Reached skill level 4 in Fire Magic
  7824 | D:8      | Reached skill level 4 in Ice Magic
  7824 | D:8      | Reached skill level 4 in Air Magic
  7824 | D:8      | Reached skill level 4 in Earth Magic
  7824 | D:8      | Reached skill level 4 in Poison Magic
  7836 | D:8      | Reached skill level 5 in Short Blades
  7836 | D:8      | Reached skill level 5 in Long Blades
  7836 | D:8      | Reached skill level 5 in Axes
  7836 | D:8      | Reached skill level 5 in Maces & Flails
  7836 | D:8      | Reached skill level 5 in Staves
  7836 | D:8      | Reached skill level 5 in Ranged Weapons
  7836 | D:8      | Reached skill level 5 in Throwing
  7836 | D:8      | Reached skill level 5 in Dodging
  7836 | D:8      | Reached skill level 5 in Stealth
  7836 | D:8      | Reached skill level 5 in Unarmed Combat
  7836 | D:8      | Reached skill level 5 in Spellcasting
  7836 | D:8      | Reached skill level 5 in Evocations
  7836 | D:8      | Reached XP level 10. HP: 67/81 MP: 4/17
  8018 | D:8      | Reached skill level 7 in Polearms
  8076 | D:8      | Identified the +0 pair of gloves of the Monk {Stlth+}
  8154 | D:8      | Found a basalt altar of Yredelemnul.
  8274 | D:8      | Reached ***** piety under Cheibriados
  8402 | D:8      | Found a white marble altar of Elyvilon.
  8460 | D:8      | Learned a level 2 spell: Wereblood
  8687 | D:9      | Got Sisiatoq's Lectures on Terrestrial Reformation
  8719 | D:9      | Reached skill level 6 in Invocations
  8760 | D:9      | Found an ancient bone altar of Kikubaaqudgha.
  8782 | D:9      | Found a staircase to the Orcish Mines.
  8784 | D:9      | Noticed a two-headed ogre
  8792 | D:9      | Killed a two-headed ogre
  9289 | D:10     | Entered Level 10 of the Dungeon
  9320 | D:10     | Found a staircase to the Lair.
  9590 | D:10     | Found an iron altar of Okawaru.
  9592 | D:10     | Found a glowing silver altar of Zin.
  9874 | D:10     | Identified the +1 leather armour of Okenny {Str+4}
  9941 | D:10     | Reached skill level 9 in Fighting
  9941 | D:10     | Reached skill level 6 in Short Blades
  9941 | D:10     | Reached skill level 6 in Long Blades
  9941 | D:10     | Reached skill level 6 in Axes
  9941 | D:10     | Reached skill level 6 in Maces & Flails
  9941 | D:10     | Reached skill level 6 in Staves
  9941 | D:10     | Reached skill level 6 in Ranged Weapons
  9941 | D:10     | Reached skill level 6 in Throwing
  9941 | D:10     | Reached skill level 9 in Armour
  9941 | D:10     | Reached skill level 6 in Dodging
  9941 | D:10     | Reached skill level 6 in Stealth
  9941 | D:10     | Reached skill level 9 in Shields
  9941 | D:10     | Reached skill level 6 in Unarmed Combat
  9941 | D:10     | Reached skill level 6 in Spellcasting
  9941 | D:10     | Reached skill level 6 in Evocations
  9947 | D:10     | Reached skill level 5 in Conjurations
  9947 | D:10     | Reached skill level 5 in Hexes
  9947 | D:10     | Reached skill level 5 in Summonings
  9947 | D:10     | Reached skill level 5 in Necromancy
  9947 | D:10     | Reached skill level 5 in Translocations
  9947 | D:10     | Reached skill level 5 in Transmutations
  9947 | D:10     | Reached skill level 5 in Fire Magic
  9947 | D:10     | Reached skill level 5 in Ice Magic
  9947 | D:10     | Reached skill level 5 in Air Magic
  9947 | D:10     | Reached skill level 5 in Earth Magic
  9947 | D:10     | Reached skill level 5 in Poison Magic
  9947 | D:10     | Reached XP level 11. HP: 89/89 MP: 11/20
 10527 | D:10     | Found a stormy altar of Qazlal.
 10782 | D:10     | Learned a level 3 spell: Stone Arrow
 11146 | D:11     | Reached skill level 7 in Invocations
 11148 | D:11     | Reached skill level 8 in Polearms
 11586 | D:11     | Noticed a cyclops
 11589 | D:11     | Killed a cyclops
 11792 | D:11     | Noticed a cyclops
 11794 | D:11     | Killed a cyclops
 11903 | Lair:1   | Entered Level 1 of the Lair of Beasts
 11924 | Lair:1   | Reached ****** piety under Cheibriados
 12341 | Lair:1   | Reached skill level 7 in Short Blades
 12341 | Lair:1   | Reached skill level 7 in Long Blades
 12341 | Lair:1   | Reached skill level 7 in Axes
 12341 | Lair:1   | Reached skill level 7 in Maces & Flails
 12341 | Lair:1   | Reached skill level 7 in Staves
 12341 | Lair:1   | Reached skill level 7 in Ranged Weapons
 12341 | Lair:1   | Reached skill level 7 in Throwing
 12341 | Lair:1   | Reached skill level 7 in Dodging
 12341 | Lair:1   | Reached skill level 7 in Stealth
 12341 | Lair:1   | Reached skill level 7 in Unarmed Combat
 12341 | Lair:1   | Reached skill level 7 in Spellcasting
 12341 | Lair:1   | Reached skill level 7 in Evocations
 13084 | Lair:1   | Reached XP level 12. HP: 53/97 MP: 16/22
 13405 | Lair:1   | Learned a level 3 spell: Frozen Ramparts
 13508 | Lair:2   | Reached skill level 6 in Conjurations
 13508 | Lair:2   | Reached skill level 6 in Hexes
 13508 | Lair:2   | Reached skill level 6 in Summonings
 13508 | Lair:2   | Reached skill level 6 in Necromancy
 13508 | Lair:2   | Reached skill level 6 in Translocations
 13508 | Lair:2   | Reached skill level 6 in Transmutations
 13508 | Lair:2   | Reached skill level 6 in Fire Magic
 13508 | Lair:2   | Reached skill level 6 in Ice Magic
 13508 | Lair:2   | Reached skill level 6 in Air Magic
 13508 | Lair:2   | Reached skill level 6 in Earth Magic
 13508 | Lair:2   | Reached skill level 6 in Poison Magic
 13951 | Lair:2   | Reached skill level 8 in Invocations
 14263 | Lair:2   | Reached skill level 10 in Fighting
 14263 | Lair:2   | Reached skill level 10 in Armour
 14263 | Lair:2   | Reached skill level 10 in Shields
 14394 | Lair:2   | Found a runed translucent door.
 14394 | Lair:2   | Noticed gdog's ghost (journeyman GnDe)
 14460 | Lair:2   | Found a staircase to the Snake Pit.
 14834 | Lair:2   | Reached skill level 9 in Polearms
 15407 | Lair:3   | Noticed a four-headed hydra
 15412 | Lair:3   | Killed a four-headed hydra
 15506 | Lair:3   | Found a staircase to the Swamp.
 15766 | Lair:3   | Noticed a death yak
 15770 | Lair:3   | Noticed a catoblepas
 15774 | Lair:3   | Killed a death yak
 15775 | Lair:3   | Reached skill level 8 in Short Blades
 15775 | Lair:3   | Reached skill level 8 in Long Blades
 15775 | Lair:3   | Reached skill level 8 in Axes
 15775 | Lair:3   | Reached skill level 8 in Maces & Flails
 15775 | Lair:3   | Reached skill level 8 in Staves
 15775 | Lair:3   | Reached skill level 8 in Ranged Weapons
 15775 | Lair:3   | Reached skill level 8 in Throwing
 15775 | Lair:3   | Reached skill level 8 in Dodging
 15775 | Lair:3   | Reached skill level 8 in Stealth
 15775 | Lair:3   | Reached skill level 8 in Unarmed Combat
 15775 | Lair:3   | Reached skill level 8 in Spellcasting
 15775 | Lair:3   | Reached skill level 8 in Evocations
 15786 | Lair:3   | Killed a catoblepas
 16084 | Lair:3   | Reached XP level 13. HP: 104/104 MP: 20/25
 16160 | Lair:3   | Reached skill level 9 in Invocations
 16387 | Lair:3   | Reached skill level 7 in Conjurations
 16387 | Lair:3   | Reached skill level 7 in Hexes
 16387 | Lair:3   | Reached skill level 7 in Summonings
 16387 | Lair:3   | Reached skill level 7 in Necromancy
 16387 | Lair:3   | Reached skill level 7 in Translocations
 16387 | Lair:3   | Reached skill level 7 in Transmutations
 16387 | Lair:3   | Reached skill level 7 in Fire Magic
 16387 | Lair:3   | Reached skill level 7 in Ice Magic
 16387 | Lair:3   | Reached skill level 7 in Air Magic
 16387 | Lair:3   | Reached skill level 7 in Earth Magic
 16387 | Lair:3   | Reached skill level 7 in Poison Magic
 17225 | Lair:3   | Noticed Nergalle
 17237 | Lair:3   | Killed Nergalle
 18088 | Lair:3   | Learned a level 4 spell: Hailstorm
 18459 | Lair:4   | Reached skill level 11 in Fighting
 18459 | Lair:4   | Reached skill level 10 in Polearms
 18459 | Lair:4   | Reached skill level 11 in Armour
 18459 | Lair:4   | Reached skill level 11 in Shields
 18616 | Lair:4   | Reached skill level 9 in Short Blades
 18616 | Lair:4   | Reached skill level 9 in Long Blades
 18616 | Lair:4   | Reached skill level 9 in Axes
 18616 | Lair:4   | Reached skill level 9 in Maces & Flails
 18616 | Lair:4   | Reached skill level 9 in Staves
 18616 | Lair:4   | Reached skill level 9 in Ranged Weapons
 18616 | Lair:4   | Reached skill level 9 in Throwing
 18616 | Lair:4   | Reached skill level 9 in Dodging
 18616 | Lair:4   | Reached skill level 9 in Stealth
 18616 | Lair:4   | Reached skill level 9 in Unarmed Combat
 18616 | Lair:4   | Reached skill level 9 in Spellcasting
 18616 | Lair:4   | Reached skill level 9 in Evocations
 18621 | Lair:4   | Found a staircase to the Slime Pits.
 18735 | Lair:4   | Reached XP level 14. HP: 92/113 MP: 6/27
 18737 | Lair:4   | Reached skill level 10 in Invocations
 18892 | Lair:4   | Identified a potion of resistance
 20460 | Lair:4   | Got the Folio of Windy Metamorphosis
 20977 | Lair:5   | Entered Level 5 of the Lair of Beasts
 21417 | Lair:5   | Noticed a dire elephant
 21426 | Lair:5   | Killed a dire elephant
 21427 | Lair:5   | Reached skill level 8 in Conjurations
 21427 | Lair:5   | Reached skill level 8 in Hexes
 21427 | Lair:5   | Reached skill level 8 in Summonings
 21427 | Lair:5   | Reached skill level 8 in Necromancy
 21427 | Lair:5   | Reached skill level 8 in Translocations
 21427 | Lair:5   | Reached skill level 8 in Transmutations
 21427 | Lair:5   | Reached skill level 8 in Fire Magic
 21427 | Lair:5   | Reached skill level 8 in Ice Magic
 21427 | Lair:5   | Reached skill level 8 in Air Magic
 21427 | Lair:5   | Reached skill level 8 in Earth Magic
 21427 | Lair:5   | Reached skill level 8 in Poison Magic
 22126 | Lair:5   | Identified the amulet "Facegh" {Spirit rPois}
 22228 | Lair:5   | Noticed a dire elephant
 22236 | Lair:5   | Killed a dire elephant
 23739 | Orc:1    | Entered Level 1 of the Orcish Mines
 24076 | Orc:1    | Noticed an orc warlord
 24164 | Orc:1    | Killed an orc warlord
 24165 | Orc:1    | Reached skill level 10 in Short Blades
 24165 | Orc:1    | Reached skill level 10 in Long Blades
 24165 | Orc:1    | Reached skill level 10 in Axes
 24165 | Orc:1    | Reached skill level 10 in Maces & Flails
 24165 | Orc:1    | Reached skill level 11 in Polearms
 24165 | Orc:1    | Reached skill level 10 in Staves
 24165 | Orc:1    | Reached skill level 10 in Ranged Weapons
 24165 | Orc:1    | Reached skill level 10 in Throwing
 24165 | Orc:1    | Reached skill level 10 in Dodging
 24165 | Orc:1    | Reached skill level 10 in Stealth
 24165 | Orc:1    | Reached skill level 10 in Unarmed Combat
 24165 | Orc:1    | Reached skill level 10 in Spellcasting
 24165 | Orc:1    | Reached skill level 10 in Evocations
 24383 | Orc:2    | Entered Level 2 of the Orcish Mines
 24475 | Orc:2    | Noticed Jorgrun
 24496 | Orc:2    | Killed Jorgrun
 24497 | Orc:2    | Reached skill level 11 in Invocations
 24497 | Orc:2    | Reached XP level 15. HP: 85/120 MP: 13/29
 24671 | Orc:2    | Found Haonach's General Store.
 24694 | Orc:2    | Reached skill level 12 in Fighting
 24694 | Orc:2    | Reached skill level 12 in Armour
 24694 | Orc:2    | Reached skill level 12 in Shields
 24742 | Orc:2    | Identified a +0 robe of the Archmagi
 25030 | Orc:2    | Found a staircase to the Elven Halls.
 25047 | Orc:2    | Bought a wand of digging (6) for 302 gold pieces
 25047 | Orc:2    | Bought a scroll of teleportation for 36 gold pieces
 25302 | Orc:2    | Noticed an orc warlord
 25570 | Orc:2    | Killed an orc warlord
 25755 | Orc:2    | Found Coor's Antique Armour Shoppe.
 25815 | Orc:2    | Found Juukoucs's Magic Scroll Shoppe.
 25906 | Orc:2    | Found Tuaprelifro's Antique Weapon Boutique.
 25939 | Orc:2    | Found Saraut's Armour Shoppe.
 26888 | D:12     | Noticed Frances
 26894 | D:12     | Killed Frances
 26969 | D:12     | Found a broken altar of Ashenzari.
 27574 | D:12     | Reached skill level 9 in Conjurations
 27574 | D:12     | Reached skill level 9 in Hexes
 27574 | D:12     | Reached skill level 9 in Summonings
 27574 | D:12     | Reached skill level 9 in Necromancy
 27574 | D:12     | Reached skill level 9 in Translocations
 27574 | D:12     | Reached skill level 9 in Transmutations
 27574 | D:12     | Reached skill level 9 in Fire Magic
 27574 | D:12     | Reached skill level 9 in Ice Magic
 27574 | D:12     | Reached skill level 9 in Air Magic
 27574 | D:12     | Reached skill level 9 in Earth Magic
 27574 | D:12     | Reached skill level 9 in Poison Magic
 28349 | Lair:2   | Killed gdog's ghost
 28764 | D:13     | Noticed Rupert
 28822 | D:13     | Found Xibli's Antique Weapon Shoppe.
 28830 | D:13     | Bought a buzzing long sword for 246 gold pieces
 28830 | D:13     | Identified the +3 long sword of False Accusations {holy,
                  | Fly rC+} (You bought it in a shop on level 13 of the
                  | Dungeon)
 29472 | D:13     | Found Cuokhuve's General Store.
 29724 | D:14     | Noticed Nessos
 29731 | D:13     | Reached XP level 16. HP: 116/129 MP: 25/30
 29932 | D:14     | Reached skill level 11 in Short Blades
 29932 | D:14     | Reached skill level 11 in Long Blades
 29932 | D:14     | Reached skill level 11 in Axes
 29932 | D:14     | Reached skill level 11 in Maces & Flails
 29932 | D:14     | Reached skill level 11 in Staves
 29932 | D:14     | Reached skill level 11 in Ranged Weapons
 29932 | D:14     | Reached skill level 11 in Throwing
 29932 | D:14     | Reached skill level 11 in Dodging
 29932 | D:14     | Reached skill level 11 in Stealth
 29932 | D:14     | Reached skill level 11 in Unarmed Combat
 29932 | D:14     | Reached skill level 11 in Spellcasting
 29932 | D:14     | Reached skill level 11 in Evocations
 30105 | D:14     | Learned a level 5 spell: Borgnjor's Vile Clutch
 30173 | D:14     | Reached skill level 12 in Invocations
 30428 | D:14     | Killed Nessos
 30429 | D:14     | Reached skill level 12 in Polearms
 30890 | D:14     | Found a gate to the Vaults.
 31089 | D:15     | Entered Level 15 of the Dungeon
 31175 | D:15     | Noticed middlethird's ghost (adept OpTm)
 31249 | D:15     | Paralysed by something for 3 turns
 31256 | D:15     | Paralysed by something for 3 turns
 31473 | D:15     | Found a transporter.
 31585 | D:15     | Found a transporter.
 31994 | D:15     | Reached skill level 13 in Fighting
 31994 | D:15     | Reached skill level 13 in Armour
 31994 | D:15     | Reached skill level 13 in Shields
 32275 | D:15     | Noticed a quicksilver dragon
 32275 | D:15     | a fire giant changed into a quicksilver dragon
 32283 | D:15     | a quicksilver dragon changed into an alligator snapping
                  | turtle
 32548 | D:15     | Found a staircase to the Depths.
 34062 | Snake:1  | Entered Level 1 of the Snake Pit
 34563 | Snake:1  | Noticed Aizul
 34583 | Snake:1  | Killed Aizul
 35743 | Snake:2  | Reached XP level 17. HP: 90/137 MP: 14/32
 36245 | Snake:2  | Reached skill level 10 in Conjurations
 36245 | Snake:2  | Reached skill level 10 in Hexes
 36245 | Snake:2  | Reached skill level 10 in Summonings
 36245 | Snake:2  | Reached skill level 10 in Necromancy
 36245 | Snake:2  | Reached skill level 10 in Translocations
 36245 | Snake:2  | Reached skill level 10 in Transmutations
 36245 | Snake:2  | Reached skill level 10 in Fire Magic
 36245 | Snake:2  | Reached skill level 10 in Ice Magic
 36245 | Snake:2  | Reached skill level 10 in Air Magic
 36245 | Snake:2  | Reached skill level 10 in Earth Magic
 36245 | Snake:2  | Reached skill level 10 in Poison Magic
 36473 | Snake:2  | HP: 13/137 [naga warrior/+0 trident (37)]
 37161 | Snake:2  | Identified the +1 battleaxe "Holl" {spect, Drain rElec
                  | Will+ Stlth+}
 37468 | Snake:2  | Reached skill level 13 in Invocations
 37475 | Snake:2  | Reached skill level 12 in Short Blades
 37475 | Snake:2  | Reached skill level 12 in Long Blades
 37475 | Snake:2  | Reached skill level 12 in Axes
 37475 | Snake:2  | Reached skill level 12 in Maces & Flails
 37475 | Snake:2  | Reached skill level 12 in Staves
 37475 | Snake:2  | Reached skill level 12 in Ranged Weapons
 37475 | Snake:2  | Reached skill level 12 in Throwing
 37475 | Snake:2  | Reached skill level 12 in Dodging
 37475 | Snake:2  | Reached skill level 12 in Stealth
 37475 | Snake:2  | Reached skill level 12 in Unarmed Combat
 37475 | Snake:2  | Reached skill level 12 in Spellcasting
 37475 | Snake:2  | Reached skill level 12 in Evocations
 39096 | Snake:3  | Reached skill level 13 in Polearms
 39731 | Swamp:1  | Entered Level 1 of the Swamp
 39878 | D:5      | Bought a Trismegistus Codex for 364 gold pieces
 39884 | D:5      | Learned a level 5 spell: Freezing Cloud
 41491 | Swamp:2  | Noticed a tentacled monstrosity
 41499 | Swamp:2  | Killed a tentacled monstrosity
 41979 | Swamp:2  | Found a transporter.
 42026 | Swamp:2  | Found a transporter.
 42748 | Swamp:3  | Reached XP level 18. HP: 145/145 MP: 9/34
 42791 | Swamp:3  | Reached skill level 14 in Fighting
 42791 | Swamp:3  | Reached skill level 14 in Armour
 42791 | Swamp:3  | Reached skill level 14 in Shields
 43608 | Swamp:3  | Identified the ring "Etiaphu" {rElec rN+ SInv}
 44098 | Swamp:4  | Entered Level 4 of the Swamp
 46049 | Swamp:4  | Reached skill level 14 in Invocations
 46408 | Swamp:4  | Reached skill level 11 in Conjurations
 46408 | Swamp:4  | Reached skill level 11 in Hexes
 46408 | Swamp:4  | Reached skill level 11 in Summonings
 46408 | Swamp:4  | Reached skill level 11 in Necromancy
 46408 | Swamp:4  | Reached skill level 11 in Translocations
 46408 | Swamp:4  | Reached skill level 11 in Transmutations
 46408 | Swamp:4  | Reached skill level 11 in Fire Magic
 46408 | Swamp:4  | Reached skill level 11 in Ice Magic
 46408 | Swamp:4  | Reached skill level 11 in Air Magic
 46408 | Swamp:4  | Reached skill level 11 in Earth Magic
 46408 | Swamp:4  | Reached skill level 11 in Poison Magic
 46617 | Swamp:4  | Reached skill level 13 in Short Blades
 46617 | Swamp:4  | Reached skill level 13 in Long Blades
 46617 | Swamp:4  | Reached skill level 13 in Axes
 46617 | Swamp:4  | Reached skill level 13 in Maces & Flails
 46617 | Swamp:4  | Reached skill level 13 in Staves
 46617 | Swamp:4  | Reached skill level 13 in Ranged Weapons
 46617 | Swamp:4  | Reached skill level 13 in Throwing
 46617 | Swamp:4  | Reached skill level 13 in Dodging
 46617 | Swamp:4  | Reached skill level 13 in Stealth
 46617 | Swamp:4  | Reached skill level 13 in Unarmed Combat
 46617 | Swamp:4  | Reached skill level 13 in Spellcasting
 46617 | Swamp:4  | Reached skill level 13 in Evocations
 46946 | Swamp:4  | Got a decaying rune of Zot
 47227 | Snake:4  | Entered Level 4 of the Snake Pit
 47430 | Snake:4  | Noticed Vashnia
 47438 | Snake:4  | Killed Vashnia
 47591 | Snake:4  | Found Kuorofy's Antique Armour Shoppe.
 47768 | Snake:4  | Found Mejuk's Antique Armour Boutique.
 47971 | Snake:4  | Reached XP level 19. HP: 130/151 MP: 16/36
 48100 | Snake:4  | Found the +0 mask of the Dragon {Will+ Slay+3 SInv}
 48439 | Snake:4  | Reached skill level 14 in Polearms
 49583 | Snake:4  | Found Cem Xace's Book Shoppe.
 49585 | Snake:4  | Found Utuwn's Jewellery Shop.
 49594 | Snake:4  | Learned a level 5 spell: Lee's Rapid Deconstruction
 49594 | Snake:4  | Bought a book of Spatial Translocations for 260 gold pieces
 49594 | Snake:4  | Bought a book of Spectacle for 320 gold pieces
 49599 | Snake:4  | Learned a level 4 spell: Iskenderun's Mystic Blast
 49606 | Snake:4  | Learned a level 6 spell: Starburst
 49614 | Snake:4  | Learned a level 7 spell: Enfeeble
 49622 | Snake:4  | Learned a level 6 spell: Statue Form
 49750 | Snake:4  | Found Saubeyni's Armour Boutique.
 49754 | Snake:4  | Bought a +2 pair of gloves of hurling for 387 gold pieces
 50168 | Snake:4  | Identified a +1 robe of resistance
 50172 | Snake:4  | Reached skill level 15 in Fighting
 50172 | Snake:4  | Reached skill level 15 in Armour
 50172 | Snake:4  | Reached skill level 15 in Shields
 50521 | Snake:4  | Got a serpentine rune of Zot
 50749 | Swamp:2  | Noticed JayGG's ghost (journeyman MiBe)
 50775 | Swamp:2  | Killed JayGG's ghost
 50841 | Swamp:2  | Identified the amulet "Wouvadwi" {Acrobat rC+ rN+ Will+
                  | Dex-4}
 51020 | Vaults:1 | Entered Level 1 of the Vaults
 51020 | Vaults:1 | Found Qicroizoarph's Armour Emporium.
 51134 | Vaults:1 | Reached skill level 15 in Invocations
 51703 | Vaults:1 | Found Bafielel's Assorted Antiques.
 51708 | Vaults:1 | Reached XP level 20. HP: 162/162 MP: 37/37
 51710 | Vaults:1 | Bought a translucent silver amulet for 150 gold pieces
 51710 | Vaults:1 | Identified the amulet "Lipt" {RegenMP rN+ Will+} (You
                  | bought it in a shop on level 1 of the Vaults)
 52082 | Vaults:1 | Reached skill level 14 in Short Blades
 52082 | Vaults:1 | Reached skill level 14 in Long Blades
 52082 | Vaults:1 | Reached skill level 14 in Axes
 52082 | Vaults:1 | Reached skill level 14 in Maces & Flails
 52082 | Vaults:1 | Reached skill level 14 in Staves
 52082 | Vaults:1 | Reached skill level 14 in Ranged Weapons
 52082 | Vaults:1 | Reached skill level 14 in Throwing
 52082 | Vaults:1 | Reached skill level 14 in Dodging
 52082 | Vaults:1 | Reached skill level 14 in Stealth
 52082 | Vaults:1 | Reached skill level 14 in Unarmed Combat
 52082 | Vaults:1 | Reached skill level 14 in Spellcasting
 52082 | Vaults:1 | Reached skill level 14 in Evocations
 53094 | Vaults:2 | Reached skill level 12 in Conjurations
 53094 | Vaults:2 | Reached skill level 12 in Hexes
 53094 | Vaults:2 | Reached skill level 12 in Summonings
 53094 | Vaults:2 | Reached skill level 12 in Necromancy
 53094 | Vaults:2 | Reached skill level 12 in Translocations
 53094 | Vaults:2 | Reached skill level 12 in Transmutations
 53094 | Vaults:2 | Reached skill level 12 in Fire Magic
 53094 | Vaults:2 | Reached skill level 12 in Ice Magic
 53094 | Vaults:2 | Reached skill level 12 in Air Magic
 53094 | Vaults:2 | Reached skill level 12 in Earth Magic
 53094 | Vaults:2 | Reached skill level 12 in Poison Magic
 53381 | Vaults:2 | Found a large runed translucent door.
 53381 | Vaults:2 | Found a large runed translucent door.
 53381 | Vaults:2 | Found a large runed translucent door.
 53381 | Vaults:2 | Found a large runed translucent door.
 53381 | Vaults:2 | Found a large runed translucent door.
 53381 | Vaults:2 | Found a large runed translucent door.
 53381 | Vaults:2 | Found a large runed translucent door.
 53381 | Vaults:2 | Found a large runed translucent door.
 53381 | Vaults:2 | Noticed Kare Xaoge's ghost (adept DgTm)
 53696 | Vaults:2 | HP: 15/163 [deep troll[an ironbound preserver] (12)]
 54297 | Vaults:2 | Reached skill level 15 in Polearms
 55286 | Vaults:3 | Identified the +1 arbalest of Xonexih {vorpal, rN+}
 56065 | Vaults:3 | Reached XP level 21. HP: 170/170 MP: 19/39
 56894 | Vaults:3 | Found a staircase to the Crypt.
 57223 | Vaults:3 | Reached skill level 16 in Fighting
 57223 | Vaults:3 | Reached skill level 16 in Armour
 57223 | Vaults:3 | Reached skill level 16 in Shields
 57230 | Vaults:3 | Reached skill level 16 in Invocations
 57970 | Vaults:4 | Found Zucoralo's Armour Shop.
 57970 | Vaults:4 | Found Oneoraekh's Magic Scroll Shop.
 57974 | Vaults:4 | Found Jixal's General Store.
 58193 | Vaults:4 | Found a flickering gateway to a bazaar.
 58199 | Bazaar   | Entered a bazaar
 58237 | Bazaar   | Found Anigo's Armour Emporium.
 58238 | Bazaar   | Found Mainituu's Magic Scroll Emporium.
 58281 | Bazaar   | Found Neggiyl's Jewellery Shoppe.
 58281 | Bazaar   | Found Surudif's Assorted Antiques.
 59278 | Vaults:4 | Reached skill level 15 in Short Blades
 59278 | Vaults:4 | Reached skill level 15 in Long Blades
 59278 | Vaults:4 | Reached skill level 15 in Axes
 59278 | Vaults:4 | Reached skill level 15 in Maces & Flails
 59278 | Vaults:4 | Reached skill level 15 in Staves
 59278 | Vaults:4 | Reached skill level 15 in Ranged Weapons
 59278 | Vaults:4 | Reached skill level 15 in Throwing
 59278 | Vaults:4 | Reached skill level 15 in Dodging
 59278 | Vaults:4 | Reached skill level 15 in Stealth
 59278 | Vaults:4 | Reached skill level 15 in Unarmed Combat
 59278 | Vaults:4 | Reached skill level 15 in Spellcasting
 59278 | Vaults:4 | Reached skill level 15 in Evocations
 59679 | Vaults:4 | Bought the +1 trident of Ekont {vorpal, Fly rElec rF++
                  | Stlth+} for 1071 gold pieces
 59690 | Vaults:4 | Identified the +3 barding of Broken Taboos {+Inv}
 60106 | Elf:1    | Entered Level 1 of the Elven Halls
 60149 | Elf:1    | Noticed Donald
 60155 | Elf:1    | Killed Donald
 60635 | Elf:1    | Identified a scroll of acquirement
 60635 | Elf:1    | Acquired 1149 gold pieces
 60685 | Elf:1    | Paralysed by an air elemental for 1 turns
 60688 | Elf:1    | Paralysed by an air elemental for 1 turns
 60772 | Elf:1    | Identified the +4 scale mail "Xeam" {Dex+4}
 60782 | Elf:1    | Found Miren's Distillery.
 60790 | Elf:1    | Bought a potion of heal wounds for 75 gold pieces
 60790 | Elf:1    | Bought a potion of heal wounds for 75 gold pieces
 60790 | Elf:1    | Bought a potion of heal wounds for 75 gold pieces
 60806 | Elf:1    | Found a runed translucent door.
 60806 | Elf:1    | Found a shimmering altar of Xom.
 60806 | Elf:1    | Noticed Ylounn's ghost (adept GrFi)
 61042 | Elf:1    | Noticed Louise
 61042 | Elf:1    | Noticed Agnes
 61050 | Elf:1    | Killed Agnes
 61051 | Elf:1    | Killed Louise
 61295 | Elf:1    | Paralysed by an air elemental for 1 turns
 61564 | Elf:2    | Found Gias's Magic Scroll Shop.
 61742 | Elf:2    | Noticed Saint Roka
 61778 | Elf:2    | Killed Saint Roka
 61785 | Elf:2    | Reached skill level 13 in Conjurations
 61785 | Elf:2    | Reached skill level 13 in Hexes
 61785 | Elf:2    | Reached skill level 13 in Summonings
 61785 | Elf:2    | Reached skill level 13 in Necromancy
 61785 | Elf:2    | Reached skill level 13 in Translocations
 61785 | Elf:2    | Reached skill level 13 in Transmutations
 61785 | Elf:2    | Reached skill level 13 in Fire Magic
 61785 | Elf:2    | Reached skill level 13 in Ice Magic
 61785 | Elf:2    | Reached skill level 13 in Air Magic
 61785 | Elf:2    | Reached skill level 13 in Earth Magic
 61785 | Elf:2    | Reached skill level 13 in Poison Magic
 62147 | Elf:2    | Reached XP level 22. HP: 179/179 MP: 41/41
 62158 | Elf:2    | Found a runed translucent gate.
 62158 | Elf:2    | Found a runed translucent gate.
 62159 | Elf:2    | Found a runed translucent gate.
 62831 | Elf:2    | Reached skill level 16 in Polearms
 63160 | Elf:3    | Entered Level 3 of the Elven Halls
 63872 | Elf:3    | Noticed Nikola
 64414 | Elf:3    | Killed Nikola
 64617 | Elf:3    | Reached skill level 17 in Invocations
 64729 | Elf:3    | Identified the +8 ring mail of Dakkeim {rElec Str+2}
 64730 | Elf:3    | Identified a +1 crystal plate armour
 65038 | Elf:3    | Identified the +6 scale mail of the Resonant Slorg {rN+
                  | Int+2}
 65186 | Elf:3    | Acquired 869 gold pieces
 66295 | Depths:1 | Entered Level 1 of the Depths
 66622 | Depths:1 | Identified the amulet "Peohuode" {Acrobat rF+ Str+3}
 66691 | Depths:1 | Found a runed translucent gate.
 66692 | Depths:1 | Found a runed translucent gate.
 66693 | Depths:1 | Found a runed translucent gate.
 66694 | Depths:1 | Noticed LustLizard's ghost (adept SpHu)
 66694 | Depths:1 | Noticed Uriettue's ghost (adept MiBe)
 66694 | Depths:1 | Noticed rakiston's ghost (adept MiBe)
 66694 | Depths:1 | Noticed Luocamn's ghost (adept TrMo)
 66695 | Depths:1 | Noticed ctx's ghost (adept GnFi)
 66731 | Depths:1 | Found Tourimar's Jewellery Emporium.
 66732 | Depths:1 | Found Sarexy's Book Boutique.
 66761 | Depths:1 | Found Woid's Jewellery Emporium.
 66767 | Depths:1 | Bought a book of Ice for 874 gold pieces
 66767 | Depths:1 | Bought a book of Power for 798 gold pieces
 66774 | Depths:1 | Learned a level 6 spell: Iron Shot
 67084 | Snake:4  | Bought the ring of Conversion {rC+ rCorr Int+6} for 834
                  | gold pieces
 68061 | Depths:1 | Found a one-way gate leading to the halls of Pandemonium.
 68109 | Depths:1 | Found a radiant altar of Vehumet.
 68143 | Depths:1 | Reached skill level 17 in Shields
 68185 | Depths:1 | Reached skill level 17 in Fighting
 68185 | Depths:1 | Reached skill level 17 in Armour
 68204 | Depths:1 | Found a gateway to Hell.
 68601 | Depths:1 | Learned a level 2 spell: Blink
 68840 | Orc:2    | Bought 2 scrolls of enchant armour for 225 gold pieces
 68919 | Elf:2    | Bought a scroll of enchant armour for 120 gold pieces
 69775 | Depths:2 | Reached skill level 16 in Staves
 70211 | Depths:2 | Found a one-way gate to the infinite horrors of the Abyss.
 70273 | Depths:2 | Identified the +1 scale mail of Music {rElec Dex+3}
 70314 | Depths:2 | Noticed a juggernaut
 70324 | Depths:2 | Killed a juggernaut
 70514 | Depths:2 | Reached XP level 23. HP: 171/187 MP: 42/42
 70988 | Depths:2 | Reached skill level 16 in Short Blades
 70988 | Depths:2 | Reached skill level 16 in Long Blades
 70988 | Depths:2 | Reached skill level 16 in Axes
 70988 | Depths:2 | Reached skill level 16 in Maces & Flails
 70988 | Depths:2 | Reached skill level 16 in Ranged Weapons
 70988 | Depths:2 | Reached skill level 16 in Throwing
 70988 | Depths:2 | Reached skill level 16 in Dodging
 70988 | Depths:2 | Reached skill level 16 in Stealth
 70988 | Depths:2 | Reached skill level 16 in Unarmed Combat
 70988 | Depths:2 | Reached skill level 16 in Spellcasting
 70988 | Depths:2 | Reached skill level 16 in Evocations
 71374 | Depths:2 | Identified the +1 demon blade "Cidghuga" {vamp, rF+ rC+}
 71480 | Depths:2 | Noticed a juggernaut
 71497 | Depths:2 | Killed a juggernaut
 71743 | Depths:2 | Found Zullod's Magic Scroll Boutique.
 71795 | Depths:2 | Bought a scroll of blinking for 120 gold pieces
 71795 | Depths:2 | Bought a scroll of fear for 64 gold pieces
 71960 | Depths:2 | Got the Textbook on Shivering Fog
 72036 | Depths:3 | Noticed Mennas
 72081 | Depths:3 | Killed Mennas
 72340 | Depths:3 | Found the +10 tower shield of Ignorance {rN+ Int-4}
 72366 | Depths:3 | Found Torodyamyn's Mass Market.
 72474 | Depths:3 | Noticed the Enchantress
 72482 | Depths:3 | You are cast into the Abyss!
 72482 | Abyss:3  | Cast into level 3 of the Abyss (spriggan defender)
 72876 | Abyss:4  | Paralysed by accursed screaming for 1 turns
 72883 | Abyss:4  | Gained mutation: Your magical capacity is low. (-10% MP) [a
                  | neqoxec]
 72917 | Abyss:4  | Reached skill level 17 in Staves
 72943 | Abyss:4  | Found a glowing golden altar of the Shining One.
 72949 | Abyss:4  | Reached skill level 18 in Shields
 73008 | Abyss:4  | Found a corrupted altar of Lugonu.
 73038 | Abyss:4  | Gained mutation: You sometimes lose your temper in combat.
                  | [a neqoxec]
 73045 | Abyss:4  | Reached skill level 17 in Polearms
 73059 | Abyss:4  | Reached skill level 14 in Conjurations
 73059 | Abyss:4  | Reached skill level 14 in Hexes
 73059 | Abyss:4  | Reached skill level 14 in Summonings
 73059 | Abyss:4  | Reached skill level 14 in Necromancy
 73059 | Abyss:4  | Reached skill level 14 in Translocations
 73059 | Abyss:4  | Reached skill level 14 in Transmutations
 73059 | Abyss:4  | Reached skill level 14 in Fire Magic
 73059 | Abyss:4  | Reached skill level 14 in Ice Magic
 73059 | Abyss:4  | Reached skill level 14 in Air Magic
 73059 | Abyss:4  | Reached skill level 14 in Earth Magic
 73059 | Abyss:4  | Reached skill level 14 in Poison Magic
 73105 | Abyss:4  | Got an abyssal rune of Zot
 73146 | Depths:3 | You pass through the gate.
 73146 | Depths:3 | Escaped the Abyss
 73146 | Depths:3 | Mangled by a stone giant

Vanquished Creatures
  Mennas (Depths:3)
  2 juggernauts (Depths:2)
  Saint Roka (Elf:2)
  Nikola (Elf:3)
  Vashnia (Snake:4)
  A profane servitor (Abyss:4)
  A lich (Depths:2)
  A walking crystal tome (Depths:2)
  Jorgrun (Orc:2)
  A tentacled monstrosity (Swamp:2)
  4 deep elf blademasters (Elf:3)
  3 deep elf master archers (Elf:3)
  An Executioner (Abyss:3)
  2 sphinxes
  Agnes (Elf:1)
  2 thorn hunters (Swamp:4)
  A tentacled starspawn (Abyss:4)
  Frances (D:12)
  3 tengu reavers
  Donald (Elf:1)
  18 nagarajas
  3 fire giants
  The ghost of JayGG the Severer, a journeyman MiBe of Trog (Swamp:2)
  5 deep elf sorcerers (Elf:3)
  9 vault wardens
  2 frost giants
  3 orc warlords
  Louise (Elf:1)
  2 spriggan defenders (Depths:3)
  A deep elf elementalist (Elf:3)
  Aizul (Snake:1)
  A ghoul (Vaults:3)
  An angel (Abyss:4)
  A reaper (Depths:2)
  5 stone giants
  12 ironbound preservers
  14 very ugly things
  A vampire knight (Depths:2)
  Nessos (D:14)
  2 ophanim (Abyss:4)
  8 ironbound thunderhulks
  3 eleionomae
  3 deep elf demonologists (Elf:3)
  A lorocyproca (Abyss:4)
  9 dire elephants
  4 entropy weavers
  6 bunyips
  6 deep elf annihilators (Elf:3)
  4 ettins
  The ghost of gdog the Covert, a journeyman GnDe of Gozag (Lair:2)
  9 deep elf death magi
  2 green deaths (Abyss:3)
  4 crystal guardians
  2 fire dragons
  11 yaktaur captains
  6 great orbs of eyes
  4 rakshasas
  3 deep elf high priests
  6 shambling mangroves
  17 hydras
  5 vault guards (Vaults:2)
  4 boulder beetles
  A hell beast (Depths:2)
  A merfolk avatar (Lair:5)
  An ogre mage (D:15)
  3 peacekeepers
  8 ironbound frosthearts
  15 centaur warriors
  3 salamander tyrants
  4 spriggan air magi
  5 ghost crabs
  3 catoblepae
  20 naga warriors
  2 death knights
  6 alligators
  10 anacondas
  30 dancing weapons
  An alligator snapping turtle (shapeshifter) (D:15)
  18 death yaks
  2 deep troll shamans (Depths:3)
  3 deep troll earth magi
  7 two-headed ogres
  2 vampire magi
  8 tengu warriors
  16 naga sharpshooters
  An orc high priest (Orc:2)
  8 hell hogs
  8 shock serpents
  A thrashing horror (Abyss:3)
  8 spriggans
  2 sun demons (Depths:2)
  5 soul eaters
  8 hell knights
  Nergalle (Lair:3)
  16 deep elf knights
  2 iron trolls (Vaults:3)
  3 salamander mystics
  5 wretched stars
  9 skeletal warriors
  42 deep trolls
  5 goliath frogs
  A spatial maelstrom (Abyss:3)
  2 sea snakes
  2 flayed ghosts (Depths:2)
  2 anaconda zombies (Snake:4)
  3 spectral anacondas (Snake:4)
  2 cherubim (Abyss:4)
  6 spriggan druids
  A death drake (Swamp:4)
  A sixfirhy (Abyss:3)
  14 swamp dragons
  12 wizards
  4 anaconda skeletons (Snake:4)
  8 naga ritualists
  8 deep elf archers
  2 lindwurms (Vaults:1)
  5 glowing orange brains
  2 orange crystal statues (Abyss:4)
  2 bog bodies
  A harpy (Vaults:3)
  A necromancer (Depths:1)
  33 deep elf pyromancers
  4 ironbound convokers
  8 orc knights
  8 mana vipers
  3 manticores
  10 deep elf zephyrmancers
  A salamander (shapeshifter) (Elf:2)
  3 orc sorcerers
  21 salamanders
  8 cyclopes
  A moth of wrath (Swamp:2)
  12 large abominations
  45 ugly things
  7 will-o-the-wisps
  A worldbinder (Abyss:3)
  15 naga magi
  10 elephants
  6 guardian serpents
  11 vault sentinels
  30 black mambas
  6 smoke demons
  A molten gargoyle (Lair:4)
  2 torpor snails
  3 gargoyles (D:12)
  4 unseen horrors
  10 cane toads
  An unseen horror (shapeshifter) (D:14)
  7 komodo dragons
  4 efreet
  2 demonic crawlers
  8 rime drakes
  An anaconda simulacrum (Snake:4)
  A tengu conjurer (Depths:1)
  A komodo dragon (shapeshifter) (Depths:2)
  2 freezing wraiths
  A yaktaur (shapeshifter) (D:15)
  25 yaktaurs
  3 meliai (Lair:3)
  2 queen bees
  8 tyrant leeches
  2 ancient zymes (Abyss:4)
  10 trolls
  3 polar bears
  7 saltlings (Orc:2)
  15 hornets
  A snapping turtle (shapeshifter) (Depths:2)
  22 dream sheep
  A dream sheep (shapeshifter) (Abyss:4)
  24 slime creatures
  5 raiju
  3 wind drakes (Lair:5)
  14 blink frogs
  A tarantella (shapeshifter) (Vaults:4)
  A snapping turtle (Lair:5)
  A vampire (D:9)
  2 shadows
  7 water elementals
  66 yaks
  5 wraiths
  5 air elementals
  11 wyverns
  6 basilisks
  5 fire bats (Lair:4)
  A golden eye (shapeshifter) (Elf:2)
  6 steam dragons
  A chaos spawn (Abyss:4)
  5 humans (D:12)
  9 vampire mosquitoes
  6 redbacks
  8 neqoxecs
  19 swamp worms
  12 wargs
  61 nagas
  An acid dragon (D:12)
  12 small abominations
  A floating eye (Depths:3)
  11 water moccasins
  20 orc warriors
  2 ice beasts (D:6)
  8 swamp drakes
  2 black bears
  18 wolves
  5 ogres
  A boggart (Vaults:3)
  8 centaurs
  3 kobold brigands
  9 bullfrogs
  2 gnoll sergeants
  A necrophage (D:6)
  3 scorpions
  An earth elemental (Elf:3)
  4 wights
  56 killer bees
  5 electric eels (D:15)
  A howler monkey (D:9)
  A crimson imp (Abyss:3)
  13 starcursed masses
  5 hounds
  5 jellies
  A quasit (Abyss:3)
  15 orc priests
  An iguana (D:7)
  Ijyb (D:3)
  18 orc wizards
  A hell rat (Lair:3)
  13 gnolls
  10 river rats (Sewer)
  8 adders
  6 white imps
  3 ufetubi
  3 worms (D:5)
  2 dart slugs
  62 orcs
  12 ball pythons
  9 endoplasms
  4 giant cockroaches
  11 goblins
  8 hobgoblins
  28 kobolds
  6 quokkas
  6 bats
  5 frilled lizards
  21 rats
  A pillar of salt (Orc:2)
1731 creatures vanquished.

Vanquished Creatures (others)
  A deep elf elementalist (Elf:3)
  A deep elf knight (Elf:1)
  A deep elf pyromancer (Elf:3)
  A guardian serpent (Abyss:4)
  A smoke demon (Depths:2)
  A yaktaur (Vaults:4)
  A bloated husk (Swamp:1)
  An ogre (Elf:2)
  A crimson imp (Abyss:4)
  2 orcs
  52 foxfires
  60 fungi
  A lurking horror (Abyss:4)
  7 pillars of salt (Orc:2)
  121 plants
  2 starspawn tentacles (Abyss:4)
254 creatures vanquished.

Grand Total: 1985 creatures vanquished

Table legend: (Time is in decaauts)
 A = Elapsed time spent in this place.
 B = Non-inter-level travel time spent in this place.
 C = Inter-level travel time spent in this place.
 D = Time resting spent in this place.
 E = Time spent auto-exploring this place.
 F = Levels seen in this place.
 G = Mean time per level.
                   A        B        C        D        E       F      G
               +--------+--------+--------+--------+--------+-----+--------+
         Total | 101049 |  89242 |  11807 |  24500 |  47207 |  45 | 2245.5 |
       Dungeon |  27800 |  23608 |   4192 |   4997 |  14822 |  15 | 1853.3 |
        Temple |     95 |     72 |     23 |      0 |     61 |   1 |   95.0 |
          Lair |  17232 |  15210 |   2022 |   4541 |   7736 |   5 | 3446.4 |
         Swamp |   9299 |   8644 |    655 |   3560 |   3561 |   4 | 2324.8 |
     Snake Pit |  12740 |  11228 |   1512 |   3970 |   4915 |   4 | 3185.0 |
  Orcish Mines |   4251 |   3143 |   1108 |    942 |   1645 |   2 | 2125.5 |
   Elven Halls |   9309 |   8311 |    998 |   1952 |   4538 |   3 | 3103.0 |
        Vaults |  12506 |  11884 |    622 |   3285 |   6386 |   4 | 3126.5 |
        Depths |   5583 |   4911 |    672 |   1189 |   2550 |   3 | 1861.0 |
         Abyss |    894 |    894 |      0 |      0 |      0 |   2 |  447.0 |
        Bazaar |    203 |    203 |      0 |      0 |    171 |   1 |  203.0 |
         Sewer |   1132 |   1132 |      0 |     63 |    821 |   1 | 1132.0 |
               +--------+--------+--------+--------+--------+-----+--------+

Top non-repeatable levels by time:
    D:15: 4736 daAuts
  Lair:3: 4366 daAuts
 Snake:4: 4294 daAuts
Vaults:3: 4285 daAuts
   Elf:3: 4110 daAuts
 Snake:2: 3972 daAuts
    D:12: 3599 daAuts
  Lair:5: 3579 daAuts
  Lair:2: 3489 daAuts
 Swamp:4: 3420 daAuts
  Lair:4: 3349 daAuts
Depths:2: 2985 daAuts
    D:10: 2887 daAuts
Vaults:1: 2781 daAuts
Vaults:4: 2751 daAuts

Table legend:
 A = Non-vault XP
 B = Vault XP
 C = Vault XP percentage of total XP
 D = Non-vault monster count
 E = Vault monster count
 F = Vault count percentage of total count
                 A         B        C        D         E       F
            +---------+---------+-------+---------+---------+-------
      Total |  464950 |  341795 |  42.4 |    1102 |     636 |  36.6
            +---------+---------+-------+---------+---------+-------
        D:1 |      37 |       0 |   0.0 |      22 |       0 |   0.0
        D:2 |      17 |       9 |  34.6 |      10 |       6 |  37.5
        D:3 |      15 |      36 |  70.6 |       9 |       1 |  10.0
        D:4 |     124 |       0 |   0.0 |      18 |       0 |   0.0
        D:5 |     225 |      35 |  13.5 |      13 |       8 |  38.1
        D:6 |    1179 |     209 |  15.1 |      27 |       3 |  10.0
        D:7 |     563 |       0 |   0.0 |       7 |       0 |   0.0
        D:8 |    1335 |       0 |   0.0 |      23 |       0 |   0.0
        D:9 |    3433 |     721 |  17.4 |      25 |      16 |  39.0
       D:10 |    3029 |       0 |   0.0 |      23 |       0 |   0.0
       D:11 |    3618 |       0 |   0.0 |      15 |       0 |   0.0
       D:12 |    8052 |   12439 |  60.7 |      27 |      30 |  52.6
       D:13 |    8031 |       0 |   0.0 |      15 |       0 |   0.0
       D:14 |   12071 |    2651 |  18.0 |      21 |       4 |  16.0
       D:15 |   14706 |    6706 |  31.3 |      30 |      10 |  25.0
     Lair:1 |    4560 |       0 |   0.0 |      18 |       0 |   0.0
     Lair:2 |    4577 |    3369 |  42.4 |      23 |      30 |  56.6
     Lair:3 |    8070 |   10778 |  57.2 |      28 |      53 |  65.4
     Lair:4 |   13960 |    5108 |  26.8 |      51 |      19 |  27.1
     Lair:5 |    8715 |    8318 |  48.8 |      28 |      21 |  42.9
    Swamp:1 |    7098 |       0 |   0.0 |      15 |       0 |   0.0
    Swamp:2 |   11814 |    6576 |  35.8 |      22 |       9 |  29.0
    Swamp:3 |   13311 |       0 |   0.0 |      25 |       0 |   0.0
    Swamp:4 |   21754 |   17444 |  44.5 |      36 |      27 |  42.9
    Snake:1 |    5040 |    1143 |  18.5 |      11 |       1 |   8.3
    Snake:2 |   33668 |       0 |   0.0 |      61 |       0 |   0.0
    Snake:3 |   15465 |    2532 |  14.1 |      36 |       6 |  14.3
    Snake:4 |   30012 |   46235 |  60.6 |      60 |      55 |  47.8
      Orc:1 |    3911 |       0 |   0.0 |      34 |       0 |   0.0
      Orc:2 |    1781 |   13637 |  88.4 |      21 |      38 |  64.4
      Elf:1 |   16810 |    5587 |  24.9 |      28 |       6 |  17.6
      Elf:2 |   12868 |   27274 |  67.9 |      19 |      44 |  69.8
      Elf:3 |   17344 |   35308 |  67.1 |      28 |      30 |  51.7
   Vaults:1 |   35088 |    6724 |  16.1 |      50 |      10 |  16.7
   Vaults:2 |   10427 |   27124 |  72.2 |      17 |      35 |  67.3
   Vaults:3 |   33829 |   26299 |  43.7 |      46 |      33 |  41.8
   Vaults:4 |   15888 |   24063 |  60.2 |      25 |      31 |  55.4
   Depths:1 |   17216 |     776 |   4.3 |      20 |       1 |   4.8
   Depths:2 |   23313 |   26353 |  53.1 |      25 |      35 |  58.3
   Depths:3 |   11021 |   12112 |  52.4 |      16 |      10 |  38.5
    Abyss:3 |   11879 |       0 |   0.0 |      28 |       0 |   0.0
    Abyss:4 |   19096 |   12011 |  38.6 |      46 |      19 |  29.2
      Sewer |       0 |     218 | 100.0 |       0 |      45 | 100.0
            +---------+---------+-------+---------+---------+-------
